 Dungeon Crawl Stone Soup version 0.19-b1-3-g7dea586 (webtiles) character file.

153 theElss the Conjurer (level 5, -5/31 HPs)
             Began as a High Elf Conjurer on Oct 29, 2016.
             Was an Initiate of Vehumet.
             Slain by an ogre
             ... wielding a +0 giant club
              (25 damage)
             ... on level 4 of the Dungeon.
             The game lasted 00:13:46 (3707 turns).

theElss the Conjurer (High Elf Conjurer)            Turns: 3707, Time: 00:13:47

Health: -5/31      AC:  2    Str:  7    XL:     5   Next: 12%
Magic:  6/12       EV: 13    Int: 19    God:    Vehumet [......]
Gold:   152        SH:  0    Dex: 16    Spells: 3 memorised, 5 levels left

rFire  . . .     SeeInvis .     h - +0 dagger
rCold  . . .     Gourm    .     a - +0 robe
rNeg   . . .     Faith    .     (no shield)
rPois  .         Spirit   .     (no helmet)
rElec  .         Reflect  .     (no cloak)
rCorr  .         Harm     .     (no gloves)
MR     .....                    (no boots)
Stlth  ++........               (no amulet)
                                (no ring)
                                (no ring)

@: lethally poisoned (-5 -> -10)
A: no striking features
a: Renounce Religion


You were on level 4 of the Dungeon.
You worshipped Vehumet.
Vehumet was noncommittal.
You were not hungry.

You visited 2 branches of the dungeon, and saw 5 of its levels.

You collected 152 gold pieces.

Inventory:

Hand Weapons
 h - a +0 dagger (weapon)
Armour
 a - a +0 robe (worn)
Scrolls
 d - a scroll of enchant weapon {unknown}
 f - 2 scrolls of immolation {unknown}
 g - 2 scrolls of enchant armour {unknown}
 k - 6 scrolls of identify {unknown}
 l - 2 scrolls of fog {unknown}
 o - a scroll of teleportation {unknown}
 p - a scroll of recharging {unknown}
Potions
 e - a potion of brilliance {unknown}
 i - 3 potions of curing {unknown}
 q - a potion of flight {unknown}
Books
 b - a book of Conjurations

   Spells                             Type                      Level
   a - Magic Dart                     Conjuration                  1
   b - Searing Ray                    Conjuration                  2
   c - Dazzling Spray                 Conjuration/Hexes            3
   d - Fulminant Prism                Conjuration/Hexes            4
   e - Iskenderun's Mystic Blast      Conjuration                  4
   f - Iskenderun's Battlesphere      Conjuration/Charms           5
Comestibles
 c - a bread ration
 m - a meat ration


   Skills:
 + Level 2.5 Dodging
 - Level 2.1 Stealth
 + Level 4.0 Spellcasting
 + Level 6.1 Conjurations


You had 5 spell levels left.
You knew the following spells:

 Your Spells              Type           Power        Failure   Level  Hunger
a - Magic Dart            Conj           ####         1%          1    None
c - Searing Ray           Conj           ####..       1%          2    ##.....
d - Iskenderun's Mystic   Conj           ####....     12%         4    ####...


Dungeon Overview and Level Annotations

Branches:
Dungeon (4/15)             Temple (1/1) D:4

Altars:
Ashenzari
Cheibriados
Dithmenos
Elyvilon
Fedhas
Gozag
Hepliaklqana
Kikubaaqudgha
Makhleb
Nemelex Xobeh
Okawaru
Qazlal
Ru
Sif Muna
Trog
Uskayaw
Vehumet
Xom
Yredelemnul
Zin
The Shining One

Annotations:
D:3 TenguReborn's ghost, amateur TeBe


Message History

Aim: an adder The searing ray hits the adder.
The adder is severely wounded.
The adder closely misses you. The adder bites you.
You are poisoned.
The adder poisons you!
The searing ray hits the adder.
You kill the adder!
Vehumet accepts your kill.
Your Spellcasting skill increases to level 4!
You feel sick. The quokka misses you.
The searing ray hits the quokka.
You kill the quokka!
Vehumet accepts your kill.
You feel sick.
The searing ray hits the ogre.
The ogre is heavily wounded.
You finish channeling your searing ray.
The ogre hits you with a giant club!!
Ouch! That really hurt!
You die...

.##.##.####.###..#
................#
.......##.###.###
..........# #<# .
..####..###...# #.
#. ###..#...###
.###.##......##
..#.#.[.#.###.. ..
#.#.....#@# . ...
#.##.#.##O# .# ....
#.........# .
..#.###..####..#.#
.........# ##.#.###
......#..## #.....#
##....>..####..##..#
.$#.##.......[..# ..
........##..O##.#


You could see an ogre.

Vanquished Creatures
  A hound (D:4)
  A gnoll (D:1)
  3 adders
  An ooze (D:2)
  A worm (D:2)
  3 dart slugs
  4 leopard geckos
  5 orcs
  6 bats
  3 giant cockroaches
  5 goblins
  8 hobgoblins
  2 jackals (D:3)
  6 kobolds
  A quokka (D:4)
  A ball python (D:2)
  4 frilled lizards
  12 rats
67 creatures vanquished.

Notes
Turn   | Place    | Note
-------+----------+-------------------------------------------
     0 | D:1      | theElss the High Elf Conjurer began the quest for the Orb.
     0 | D:1      | Reached XP level 1. HP: 11/11 MP: 4/4
   499 | D:1      | Reached XP level 2. HP: 17/17 MP: 4/6
   709 | D:1      | Reached skill level 5 in Conjurations
   713 | D:1      | Learned a level 2 spell: Searing Ray
  1000 | D:1      | Reached XP level 3. HP: 21/21 MP: 5/8
  1860 | D:2      | Reached XP level 4. HP: 27/27 MP: 7/9
  2188 | D:3      | Noticed TenguReborn's ghost (amateur TeBe)
  2467 | D:3      | Learned a level 4 spell: Iskenderun's Mystic Blast
  2535 | D:3      | Found a sparkling altar of Nemelex Xobeh.
  2878 | D:3      | Found a faded altar of an unknown god.
  3249 | D:4      | Found a staircase to the Ecumenical Temple.
  3261 | Temple   | Entered the Ecumenical Temple
  3420 | Temple   | Became a worshipper of Vehumet
  3493 | D:4      | Noticed an ogre
  3510 | D:4      | Reached skill level 6 in Conjurations
  3510 | D:4      | Reached XP level 5. HP: 13/31 MP: 7/11
  3707 | D:4      | Slain by an ogre

Skill      XL: |  1  2  3  4  5 |
---------------+----------------+-----
Conjurations   | 5 6 |  6.1
Spellcasting   | 3 4 |  4.0
Dodging        | |  2.5
Stealth        | |  2.1

Action                   |  1- 3 |  4- 6 || total
-------------------------+-------+-------++-------
Melee: Dagger            |     3 |     4 ||     7
 Cast: Magic Dart        |    82 |    51 ||   133
       Searing Ray       |     1 |     3 ||     4
       Iskenderun's Myst |       |     1 ||     1
  Eat: Chunk             |     2 |     5 ||     7
       Beef jerky        |       |     1 ||     1
Armor: Robe              |     1 |     1 ||     2
Dodge: Dodged            |    11 |    21 ||    32
